 Dungeon Crawl Stone Soup version 0.17-a0-1421-g95311d7 (webtiles) character file.

36 bal the Ducker (level 3, -2/28 HPs)
             Began as a Demonspawn Gladiator on June 24, 2015.
             Slain by Terence
             ... wielding a +0 flail of holy wrath
              (5 damage)
             ... on level 2 of the Dungeon.
             The game lasted 00:02:39 (1013 turns).

bal the Ducker (Demonspawn Gladiator)               Turns: 1013, Time: 00:02:40

Health: -2/28      AC:  4    Str: 15    XL:     3   Next: 19%
Magic:  3/3        EV:  8    Int: 10    God:
Gold:   75         SH:  0    Dex: 13    Spells: 0 memorised, 2 levels left

rFire  . . .     SeeInvis .     a - +0 war axe
rCold  . . .     Clarity  .     b - +0 leather armour
rNeg   . . .     SustAt   .     (no shield)
rPois  .         Gourm    .     c - +0 helmet
rElec  .         Spirit   .     (no cloak)
rCorr  .         Warding  .     (no gloves)
rMut   .         Stasis   .     (no boots)
MR     .....                    (no amulet)
Stlth  +.........               (no ring)
                                (no ring)

@: not resistant to hostile enchantments, very unstealthy
A: claws 1, hooves 1
a: no special abilities


You were on level 2 of the Dungeon.
You were hungry.

You visited 1 branch of the dungeon, and saw 2 of its levels.

You collected 75 gold pieces.

Inventory:

Hand weapons
 a - a +0 war axe (weapon)
Missiles
 d - 3 throwing nets (quivered)
 s - 19 sling bullets of flame
Armour
 b - a +0 leather armour (worn)
 c - a +0 helmet (worn)
Scrolls
 f - a scroll of remove curse {unknown}
 g - 2 scrolls of enchant weapon {unknown}
 h - a scroll of teleportation {unknown}
 k - 2 scrolls of blinking {unknown}
 l - 2 scrolls of identify {unknown}
 q - a scroll of recharging {unknown}
Potions
 j - a potion of lignification {unknown}
 m - a potion of heal wounds {unknown}
 n - a potion of invisibility {unknown}
 p - 2 potions of curing {unknown}
Comestibles
 e - 2 bread rations
 i - a royal jelly
 o - a beef jerky
 r - 4 chunks of flesh


   Skills:
 + Level 2.3 Fighting
 + Level 2.9 Axes
 + Level 2.0 Throwing
 + Level 0.6 Armour
 + Level 3.3 Dodging


You had 2 spell levels left.
You didn't know any spells.

Dungeon Overview and Level Annotations

Branches:
Dungeon (2/15)

Altars:

Annotations:
D:2 Terence


Innate Abilities, Weirdness & Mutations

You have sharp fingernails.
You have large cloven feet.


Message History

You are too injured to fight recklessly!
You are too injured to fight recklessly!
You are too injured to fight recklessly!
You are too injured to fight recklessly!
You are too injured to fight recklessly!
You are too injured to fight recklessly!
You are too injured to fight recklessly!
You are too injured to fight recklessly!
You are too injured to fight recklessly!
You are too injured to fight recklessly!
Terence barely misses you.
Found a slice of pizza and a spear.
Terence closely misses you.
You see here 19 sling bullets of flame.
s - 19 sling bullets of flame Terence barely misses you.
You found a teleport trap!
Terence barely misses you.
There is an escape hatch in the floor here.
Terence hits you with a flail of holy wrath.
You die...

#.# ##.# #... ..#
#..# # ... #...
.###.#
#..###.##.##
#.).#......
#.@.^..##.# #
#..@...##.######.#
#.................
#.#.#...#.........
#.##.#..#...####%
#.##.#..#.#.##
#.#....<#....###
#................
.#...#.##...####


You could see Terence.

Vanquished Creatures
  An ooze (D:2)
  A worm (D:2)
  5 hobgoblins
  5 kobolds
  3 bats (D:2)
  4 giant cockroaches
  A giant newt (D:1)
  3 goblins
  6 rats
29 creatures vanquished.

Notes
Turn   | Place    | Note
--------------------------------------------------------------
     0 | D:1      | bal the Demonspawn Gladiator began the quest for the Orb.
     0 | D:1      | Reached XP level 1. HP: 16/16 MP: 1/1
   334 | D:1      | Gained mutation: You have large cloven feet. [demonic ancestry]
   334 | D:1      | Reached XP level 2. HP: 16/22 MP: 2/2
   463 | D:1      | Reached skill level 3 in Dodging
   897 | D:2      | Gained mutation: You have sharp fingernails. [demonic ancestry]
   897 | D:2      | Reached XP level 3. HP: 18/27 MP: 3/3
   991 | D:2      | Noticed Terence
  1013 | D:2      | Slain by Terence

Vault maps used:
D:1:      minmay_arrival_widening_spiral_wide
D:2:      nicolae_tso_swordbearing_angel, first_bread, bloody_makhleb,
          uniq_robin, uniq_terence

Action                   || total
-------------------------++-------
Melee: War axe           ||   100
